 Dungeon Crawl Stone Soup version 0.27.0-1-g7a089689b8 (console) character file.

Game seed: 15948864440127498264

81 Banquo the Skirmisher (level 4, -8/35 HPs)
             Began as a Djinni Warper on Aug 13, 2021.
             Mangled by Terence (9 damage)
             ... on level 2 of the Dungeon.
             The game lasted 00:04:28 (2068 turns).

Banquo the Skirmisher (Djinni Warper)               Turns: 2068, Time: 00:04:28

Health: -8/35      AC:  3    Str: 10    XL:     4   Next: 68%
Gold:   83         EV: 11    Int: 16    God:
                   SH:  0    Dex: 12

rFire    + + .     SeeInvis .   b - +1 dagger (venom)
rCold    x . .     Faith    .   (no shield)
rNeg     . . .     Spirit   .   m - +0 leather armour
rPois    ∞         Reflect  .   (no helmet)
rElec    .         Harm     .   (no cloak)
rCorr    .         Rampage  .   (no gloves)
Will     .....                  (boots unavailable)
Stlth    +.........             f - amulet of magic regeneration
HPRegen  0.11/turn              (no ring)
MPRegen  0.00/turn              (no ring)

@: flying, very slightly contaminated
A: sickness immunity, fire resistance 2, cold vulnerability 1, float, innate
caster, hp casting, extra vitality 1
a: no special abilities


You were on level 2 of the Dungeon.
You visited 1 branch of the dungeon, and saw 2 of its levels.

You collected 83 gold pieces.

Inventory:

Hand Weapons
 a - a +0 rapier
 b - a +1 dagger of venom (weapon)
 g - a +4 dagger
 k - a +0 falchion
Missiles
 d - 5 boomerangs of dispersal (quivered)
 i - 66 stones
Armour
 m - a +0 leather armour (worn)
Jewellery
 f - an amulet of magic regeneration (around neck)
Scrolls
 c - a scroll of blinking
 e - 3 scrolls of identify {unknown}
 j - a scroll of fog {unknown}
Potions
 h - a potion of attraction {unknown}
 l - a potion of heal wounds {unknown}


   Skills:
 * Level 3.2 Fighting
 * Level 0.8(1.7) Short Blades
 - Level 2.3(2.4) Long Blades
 - Level 0.7 Throwing
 - Level 1.0 Armour
 - Level 2.1 Dodging
 + Level 3.0 Spellcasting


You couldn't memorise any spells.
You knew the following spells:

 Your Spells              Type           Power      Damage    Failure   Level
a - Foxfire               Conj/Fire      48%        2x1d6     8%          1
b - Lesser Beckoning      Tloc           6%         N/A       22%         3
e - Manifold Assault      Tloc           12%        N/A       90%         5
g - Gell's Gravitas       Tloc           6%         N/A       22%         3
t - Teleport Other        Tloc           12%        N/A       22%         3
B - Blink                 Tloc           N/A        N/A       11%         2
Your spell library was empty.

Dungeon Overview and Level Annotations

Branches:
Dungeon (2/15)

Altars:

Annotations:
D:2 Terence


Innate Abilities, Weirdness & Mutations

You are immune to sickness and miasma.
You are immune to poison.
Your flesh is very heat resistant. (rF++)
You are vulnerable to cold. (rC-)
You float through the air rather than walking.
You learn spells naturally, not from books.
Your magical power is your life essence.
You have superior vitality. (+4 HP)


Message History

You conjure some foxfire!
Terence hits you with a +0 flail.
The foxfire hits the goblin.
The goblin is severely wounded.
The foxfire hits Terence but does no damage.
Terence is heavily wounded.
Terence closely misses you. The goblin misses you.
Casting: Foxfire (safe; 8% risk of failure)
Confirm with . or Enter, or press ? or * to list all spells.
You conjure some foxfire!
Terence hits you with a +0 flail.
The foxfire hits the goblin.
You kill the goblin!
The foxfire hits the goblin.
You kill the goblin!
Terence hits you with a +0 flail.
Casting: Foxfire (safe; 8% risk of failure)
Confirm with . or Enter, or press ? or * to list all spells.
You conjure some foxfire!
Terence misses you.
The foxfire hits Terence.
Terence is severely wounded.
The foxfire hits Terence but does no damage.
Terence is severely wounded.
Terence completely misses you.
Casting: Foxfire (safe; 8% risk of failure)
Confirm with . or Enter, or press ? or * to list all spells.
You miscast Foxfire.
You are very lightly contaminated with residual magic.
Nothing appears to happen.
Terence barely misses you. Terence closely misses you.
There is a stone staircase leading up here.
Terence says, "Don't bother to defend, it's pointless."
Casting: Foxfire (safe; 8% risk of failure)
Confirm with . or Enter, or press ? or * to list all spells.
You conjure some foxfire!
Terence hits you with a +0 flail!
* * * LOW HITPOINT WARNING * * *
The foxfire hits Terence but does no damage.
Terence is severely wounded.
The foxfire hits Terence but does no damage.
Terence is severely wounded.
Terence hits you with a +0 flail!
You die...

.. .. #####.# #.## .#
#...^.# #. ..# .#
#.#####.###.# #..#.
#.###.## #.......#
#.. .....##.##...#
#######.###.#
#.....)[...#.##
#.@......#
#..#...).<....#
#†####..##
.#..#.#.....## #.#
#..#
...$.....@@...####.#
#).#
...#..#.#...........#
#..# ..
#..........#######
#..# . ..........###
#..# ###.##.##..####
#..# #.
#........#########..#
#
####.###............#
#.# #.##########.#
#.# #.# #.#


You could see Terence.

Vanquished Creatures
  Jessica (D:2)
  An adder (D:2)
  9 ball pythons
  4 bats
  5 endoplasms
  A giant cockroach (D:2)
  10 goblins
  2 hobgoblins (D:1)
  A jackal (D:2)
  5 frilled lizards
  2 kobolds (D:1)
  3 rats (D:1)
44 creatures vanquished.

Vanquished Creatures (others)
  34 foxfires (D:2)
34 creatures vanquished.

Grand Total: 78 creatures vanquished

Notes
Turn   | Place    | Note
-------+----------+-------------------------------------------
     0 | D:1      | Banquo the Djinni Warper began the quest for the Orb.
     0 | D:1      | Reached XP level 1. HP: 18/18 MP: 0/0
   130 | D:1      | Reached XP level 2. HP: 23/23 MP: 0/0
   579 | D:1      | Reached XP level 3. HP: 28/28 MP: 0/0
   579 | D:1      | Learned a level 1 spell: Foxfire
  1721 | D:2      | Reached XP level 4. HP: 22/34 MP: 0/0
  1974 | D:2      | Noticed Jessica
  1996 | D:2      | Killed Jessica
  2048 | D:2      | Noticed Terence
  2067 | D:2      | HP: 1/35 [Terence (12)]
  2068 | D:2      | Mangled by Terence

Illustrated notes

Levels and vault maps discovered:
D:1:      giann_bridges, layout_loops_ring
D:2:      minmay_razor_zed, layout_loops_ring, uniq_jessica, uniq_terence

Skill      XL: |  1  2  3  4 |
---------------+-------------+-----
Long Blades    | 2 |  2.3
Fighting       | 3 |  3.2
Spellcasting   | 3 |  3.0
Short Blades   | |  0.8
Throwing       | |  0.7
Armour         | |  1.0
Dodging        | |  2.1

Action                   |  1- 3 |  4- 6 || total
-------------------------+-------+-------++-------
Melee: Falchion          |    88 |       ||    88
       Dagger            |    16 |       ||    16
 Cast: Foxfire           |     3 |    16 ||    19
Armor: Leather armour    |    37 |       ||    37
Dodge: Dodged            |    46 |    10 ||    56
       Rpst.: Falchion   |    11 |       ||    11
